 Dungeon Crawl Stone Soup version 0.29-a0-892-g2c4c91d9db (webtiles) character file.

Game seed: 4755959898572627217

44744 Ge0ff the Impaler (level 13, -4/104 HPs)
             Began as a Palentonga Berserker on July 22, 2022.
             Was a High Priest of Trog.
             Succumbed to Nessos's poison
             ... on level 4 of the Lair of Beasts.
             The game lasted 00:42:01 (16809 turns).

Ge0ff the Impaler (Palentonga Berserker)           Turns: 16809, Time: 00:42:03

Health: -4/104     AC: 25    Str: 25    XL:     13   Next: 97%
Magic:  1/13       EV: 10    Int:  7    God:    Trog [*****.]
Gold:   896        SH:  0    Dex: 11    Spells: 12/12 levels left

rFire   . . .      SeeInvis +   a - +5 halberd "Ibil" {vorpal, rC+}
rCold   + + +      Faith    .   (shield currently unavailable)
rNeg    . . .      Spirit   +   j - +4 plate armour {rC+}
rPois   .          Reflect  .   D - +1 helmet
rElec   .          Harm     .   l - scarf {repulsion}
rCorr   .          Rampage  .   p - +1 pair of gloves of Kedonef {rC+ Regen+}
Will    .....                   (no barding)
Stlth   ..........              c - amulet of guardian spirit
HPRegen 1.07/turn               Z - +4 ring of evasion {=R}
MPRegen 0.13/turn               n - +4 ring of protection

@: lethally poisoned (-4 -> -29), repel missiles
A: large, rugged brown scales 3, see invisible, deformed body, roll 1, armoured
tail, reflexive curl
a: Rolling Charge, Renounce Religion, Berserk, Trog's Hand, Brothers in Arms


You were on level 4 of the Lair of Beasts.
You worshipped Trog.
Trog was extremely pleased with you.
You visited 3 branches of the dungeon, and saw 17 of its levels.
You also visited: Ossuary and Ice Cave.

You collected 1052 gold pieces.
You spent 156 gold pieces at shops.

Inventory:

Hand Weapons
 a - the +5 halberd "Ibil" (weapon) {vorpal, rC+}
   (Trog gifted it to you on level 5 of the Lair of Beasts)

   It inflicts extra damage upon your enemies.
   rC:        It protects you from cold.
 b - a +3 halberd of flaming
 h - the +2 spear of the Hugging Badger {freeze, rPois rC+ Int-2}
   (You found it in an ice cave)

   It freezes those it strikes, dealing additional cold damage.
   It can also slow down cold-blooded creatures.
   Int:       It affects your intelligence (-2).
   rC:        It protects you from cold.
   rPois:     It protects you from poison.
 o - the +8 demon trident "Rift" {distort, reach+}
   (You found it on level 4 of the Lair of Beasts)

   It warps and distorts space around it, and may blink, banish, or inflict
   extra damage upon those it strikes.
   Unwielding it can cause banishment or high damage.
   It can reach especially far, and its reaching attacks ignore other creatures
   in the way.
 w - a +2 antimagic glaive
Missiles
 g - 3 throwing nets {=F}
 k - 18 boomerangs (quivered)
 v - 5 curare-tipped darts {=F}
 I - 3 javelins
Armour
 j - a +4 plate armour of cold resistance (worn)
 l - a scarf of repulsion (worn)
 p - the +1 pair of gloves of Kedonef (worn) {rC+ Regen+}
   (You found it on level 1 of the Lair of Beasts)

   rC:        It protects you from cold.
   Regen:     It increases your rate of health regeneration.
 C - a scarf of resistance
 D - a +1 helmet (worn)
 H - +0 storm dragon scales
 K - a +0 pair of gloves
 S - the +3 ice dragon scales of the Five of Pentacles {rF- rC++ Str+3}
   (You found it in an ice cave)

   Str:       It affects your strength (+3).
   rF:        It makes you vulnerable to fire.
   rC:        It greatly protects you from cold.
Jewellery
 c - an amulet of guardian spirit (around neck)
 i - a ring of flight
 n - a +4 ring of protection (right hand)
 F - an amulet of reflection
 N - a ring of protection from fire
 Z - a +4 ring of evasion (left hand) {=R}
Wands
 d - a wand of digging (3)
 e - a wand of charming (6)
 f - a wand of flame (17)
 s - a wand of mindburst (7)
 P - a wand of polymorph (13)
Scrolls
 m - a scroll of magic mapping
 u - 2 scrolls of brand weapon
 x - 2 scrolls of enchant armour
 y - 2 scrolls of immolation
 B - 3 scrolls of blinking
 E - 2 scrolls of fear
 J - a scroll of silence {!r}
 T - 5 scrolls of teleportation
 V - 2 scrolls of vulnerability
Potions
 q - 12 potions of curing
 z - 2 potions of degeneration {unknown}
 A - 2 potions of haste {unknown}
 G - 2 potions of lignification {unknown}
 L - 4 potions of mutation {unknown}
 M - 3 potions of might
 O - 2 potions of berserk rage {unknown}
 Q - 7 potions of heal wounds {unknown}
 R - 3 potions of ambrosia {unknown}
 W - 2 potions of attraction {unknown}
 X - 2 potions of flight
 Y - 2 potions of cancellation {unknown}
Miscellaneous
 t - a tin of tremorstones (inert)


   Skills:
 - Level 8.0 Fighting
 + Level 16.8 Polearms
 + Level 5.9 Throwing
 + Level 9.3 Armour
 - Level 5.0 Dodging
 - Level 3.0 Evocations


You had 12 spell levels left.
You didn't know any spells.
Your spell library was empty.

Dungeon Overview and Level Annotations

Branches:
Dungeon (11/15) Zot: 25630  Temple (0/1) D:7            Lair (5/5) D:10 Zot: 26981
 Shoals (0/4) Lair:2        Snake (0/4) Lair:2          Orc (1/2) D:11 Zot: 5997
Ossuary (visited)           IceCv (visited)
  Slime: Lair:4-5

Altars:
Ashenzari
Dithmenos
Elyvilon
Fedhas
Gozag
Hepliaklqana
Makhleb
Nemelex Xobeh
Okawaru
Qazlal
Uskayaw
Xom
Zin
The Shining One

Shops:
D:3 *   D:7 [   D:11 *

Annotations:
D:11 exclusion: downstairs
Lair:3 raistware's ghost, journeyman HuCj
Lair:4 Nessos
Orc:1 Josephine


Innate Abilities, Weirdness & Mutations

You are completely covered in rugged brown scales. (AC +3, +7% HP)
You have supernaturally acute eyesight. (SInv)
Armour fits poorly on your strangely shaped body.
You can roll at nearby foes to attack.
You have a long armoured tail.
You curl defensively after being hit. (AC +7*)


Message History

Nessos shoots an arrow.
The arrow closely misses you.
Aiming: Mindburst
Press: ? - help, Shift-Dir - straight line, f/p - Nessos
Aim: Nessos, wielding a +1 longbow of flaming and wearing a +0 barding (moderately wounded, chance to affect: 76%) Nessos barely resists.
You feel extremely sick.
Nessos shoots an arrow.
The arrow closely misses you.
Aiming: Mindburst
Press: ? - help, Shift-Dir - straight line, f/p - Nessos
Aim: Nessos, wielding a +1 longbow of flaming and wearing a +0 barding (moderately wounded, chance to affect: 76%) Nessos's mind is blasted!
You feel extremely sick.
Nessos shoots an arrow.
The arrow hits you! The arrow burns you.
You are more poisoned.
You feel better.
Nessos gestures wildly while chanting.
Nessos seems to speed up.
Aiming: Fastroot
Press: ? - help, Shift-Dir - straight line, f/p - Nessos
Aim: Nessos, wielding a +1 longbow of flaming and wearing a +0 barding (heavily wounded, fast)
The roots erupt in riotous growth!
Roots grab Nessos.
The now-empty wand crumbles to dust.
The grasping roots constrict Nessos.
You hear a bellow! x2
Nessos shoots an arrow.
The arrow barely misses you.
Nessos shoots an arrow.
The arrow hits you! The arrow burns you.
You are poisoned.
Nessos shoots an arrow.
The arrow hits you!
* * * LOW HITPOINT WARNING * * *
The arrow burns you.
You are more poisoned.
* * * LOW HITPOINT WARNING * * *
You feel better.
The grasping roots constrict Nessos.
Nessos shoots an arrow.
The arrow hits you!
* * * LOW HITPOINT WARNING * * *
The arrow burns you.
You are poisoned.
* * * LOW HITPOINT WARNING * * *
Nessos shoots an arrow.
The arrow hits you!
* * * LOW HITPOINT WARNING * * *
The arrow burns you.
You are more poisoned.
* * * LOW HITPOINT WARNING * * *
You are lethally poisoned (3 -> -22).
You repel missiles.
You are defensively curled.
Your movement speed is average.
Your attack delay is about 0.7 (and cannot be improved with additional weapon skill).
As you read the scroll of fear, it crumbles to dust.
You assume a fearsome visage.
Nessos looks frightened!
The grasping roots constrict Nessos.
You die...

.... .. . ... #.#
..#c.##..## ####
.......#..##.#.#
.....[..........
.................
##... #...<.$.....
#P...##..@........
#.....##....P#.##
#.....##...###
...........####.#
................#
..........>.....#
................#
................#
.......P...##.....


You could see Nessos (fast, fleeing, rooted).

Vanquished Creatures
  Gastronok (Lair:2)
  2 azure jellies (IceCv)
  A quicksilver ooze (IceCv)
  The ghost of capka3m the Basher, a journeyman TrMo of the Shining One (Lair:1)
  A fire dragon (D:11)
  Fannar (Lair:1)
  Harold (D:9)
  4 hydras
  A boulder beetle (Lair:5)
  4 death yaks (Lair:5)
  A wolf spider (D:11)
  The ghost of stil the Vexing, a novice FoAM of Okawaru (D:7)
  2 cyclopes
  A manticore (D:11)
  6 elephants
  2 ice statues (IceCv)
  2 black mambas (Lair:1)
  A gargoyle (D:11)
  Maggie (D:9)
  3 cane toads
  2 rime drakes
  A kobold demonologist (D:11)
  13 komodo dragons
  A tengu conjurer (D:11)
  3 entropy weaver simulacra (IceCv)
  2 trolls (D:10)
  5 blink frogs
  12 slime creatures (IceCv)
  4 dream sheep (Lair:5)
  A shadow (D:9)
  3 vampires (D:11)
  3 wraiths
  40 yaks
  4 wyverns
  4 basilisks
  2 humans (D:7)
  Grum (D:11)
  3 steam dragons
  A warg (D:11)
  2 acid dragons
  A demonic crawler simulacrum (IceCv)
  5 water moccasins
  3 orc warriors
  2 black bears (D:4)
  5 sky beasts
  2 ugly thing simulacra (IceCv)
  2 ice beasts (D:7)
  14 wolves
  6 centaurs
  3 ogres
  2 phantoms
  A kobold brigand (D:11)
  6 glowing shapeshifter simulacra (IceCv)
  6 water moccasin zombies (Ossuary)
  7 bullfrogs
  2 necrophages (D:6)
  4 scorpions
  11 wights
  4 killer bees (D:9)
  6 howler monkeys
  A lava snake (D:9)
  A jelly (D:7)
  3 orc priests
  6 hounds
  5 iguanas
  5 orc wizards
  6 hell rats (Lair:5)
  2 mummies (Ossuary)
  A gnoll (D:3)
  11 adders
  A shadow imp (D:6)
  13 white imps
  3 ufetubi
  6 adder zombies (Ossuary)
  A worm (D:3)
  4 dart slugs
  25 orcs
  5 ball pythons
  5 endoplasms
  3 giant cockroaches
  2 gnoll zombies (Ossuary)
  6 goblins
  6 hobgoblins
  8 kobolds
  4 quokkas
  10 bats
  2 frilled lizards
  6 hobgoblin zombies (Ossuary)
  3 kobold zombies (Ossuary)
  11 orc zombies (Ossuary)
  7 rats
408 creatures vanquished.

Vanquished Creatures (collateral kills)
  Amaemon (D:11)
  An orange demon (D:11)
2 creatures vanquished.

Vanquished Creatures (others)
  2 entropy weaver simulacra (IceCv)
  31 fungi
  17 plants
50 creatures vanquished.

Grand Total: 460 creatures vanquished

Notes
Turn   | Place    | Note
-------+----------+-------------------------------------------
     0 | D:1      | Ge0ff the Palentonga Berserker began the quest for the Orb.
     0 | D:1      | Reached XP level 1. HP: 19/19 MP: 1/1
    10 | D:1      | Noticed a swamp drake
    10 | D:1      | Noticed a hog
    10 | D:1      | Noticed a swamp worm
    11 | D:1      | Noticed a polar bear
    11 | D:1      | Noticed a redback
   323 | D:1      | Reached skill level 3 in Polearms
   385 | D:1      | Reached XP level 2. HP: 23/25 MP: 2/2
   468 | D:1      | Found a faded altar of an unknown god.
   726 | D:2      | Noticed a scorpion
   731 | D:2      | Killed a scorpion
   732 | D:2      | Reached skill level 4 in Polearms
   732 | D:2      | Reached XP level 3. HP: 31/31 MP: 3/3
   732 | D:2      | Reached XP level 4. HP: 37/37 MP: 4/4
  1132 | D:2      | Reached skill level 5 in Polearms
  1511 | D:2      | Reached ** piety under Trog
  1752 | D:3      | Found Janoes's General Store.
  1761 | D:3      | Bought a scroll of identify for 28 gold pieces
  1761 | D:3      | Bought a scroll of teleportation for 42 gold pieces
  1838 | D:3      | Found a hide-covered altar of Uskayaw.
  1842 | D:3      | Reached XP level 5. HP: 43/43 MP: 5/5
  2137 | D:3      | Found a shadowy altar of Dithmenos.
  2437 | D:3      | Bought a +0 trident of venom for 86 gold pieces
  2674 | D:3      | Found a hazy altar of Hepliaklqana.
  2674 | D:3      | Found a glowing silver altar of Zin.
  2843 | D:4      | Found an opulent altar of Gozag.
  2844 | D:4      | You fall into a shaft and drop 2 floors!
  2914 | D:5      | Entered Level 5 of the Dungeon
  2914 | D:5      | Found a sand-covered staircase.
  2934 | D:5      | Noticed a centaur
  2939 | D:5      | Killed a centaur
  2940 | D:5      | Reached skill level 6 in Polearms
  2940 | D:5      | Reached XP level 6. HP: 46/50 MP: 6/6
  2958 | Ossuary  | Entered an ossuary
  2986 | Ossuary  | Reached *** piety under Trog
  3085 | Ossuary  | Reached skill level 7 in Polearms
  3142 | Ossuary  | Gained mutation: You curl defensively after being hit. (AC
                  | +7*) [Palentonga growth]
  3142 | Ossuary  | Reached XP level 7. HP: 55/55 MP: 7/7
  3376 | D:5      | Found a stormy altar of Qazlal.
  3441 | D:5      | Reached skill level 8 in Polearms
  3690 | D:5      | Reached XP level 8. HP: 56/62 MP: 8/8
  3854 | D:4      | Reached skill level 9 in Polearms
  4165 | D:4      | Found a blossoming altar of Fedhas.
  5039 | D:5      | Reached skill level 10 in Polearms
  5385 | D:6      | Found a burning altar of Makhleb.
  5478 | D:6      | Reached skill level 1 in Evocations
  5610 | D:6      | Reached **** piety under Trog
  5871 | D:6      | Reached XP level 9. HP: 63/69 MP: 9/9
  6012 | D:7      | Found a staircase to the Ecumenical Temple.
  6027 | D:7      | Found Noner's Armour Emporium.
  6060 | D:7      | Found an iron altar of Okawaru.
  6080 | D:7      | Reached skill level 11 in Polearms
  6884 | D:7      | Reached skill level 12 in Polearms
  6998 | D:7      | Found a runed translucent door.
  6999 | D:7      | Noticed stil's ghost (novice FoAM)
  7024 | D:7      | Killed stil's ghost
  7096 | D:7      | Reached XP level 10. HP: 69/75 MP: 10/10
  7624 | D:8      | Reached skill level 13 in Polearms
  7737 | D:8      | Found a broken altar of Ashenzari.
  8163 | D:8      | Found a white marble altar of Elyvilon.
  8457 | D:8      | Reached skill level 14 in Polearms
  8725 | D:9      | Identified the +0 robe of Kuasehui {MP-9 Dex+3}
  8779 | D:9      | Noticed Harold
  8817 | D:9      | Killed Harold
  8836 | D:9      | Reached skill level 5 in Fighting
  8842 | D:9      | Reached XP level 11. HP: 36/84 MP: 11/11
  9215 | D:9      | Noticed Maggie
  9238 | D:9      | Killed Maggie
  9907 | D:10     | Entered Level 10 of the Dungeon
 10205 | D:10     | Found a shimmering altar of Xom.
 10205 | D:10     | Found a shimmering altar of Xom.
 10206 | D:10     | Found a shimmering altar of Xom.
 10206 | D:10     | Found a shimmering altar of Xom.
 10207 | D:10     | Found a shimmering altar of Xom.
 10247 | D:10     | Found a staircase to the Lair.
 10267 | D:10     | Found a glowing golden altar of the Shining One.
 11008 | D:10     | Found a sparkling altar of Nemelex Xobeh.
 11109 | D:11     | Reached skill level 5 in Armour
 11119 | D:11     | Reached ***** piety under Trog
 11123 | D:11     | Noticed a wolf spider
 11130 | D:11     | Killed a wolf spider
 11150 | D:11     | Noticed Grum
 11368 | D:11     | Found a staircase to the Orcish Mines.
 11468 | D:11     | Noticed Amaemon
 11478 | D:11     | Killed Amaemon
 11479 | D:11     | Reached skill level 15 in Polearms
 11562 | D:11     | Killed Grum
 11621 | D:11     | Found Akhlaoza's Mayhem Merchandise.
 11652 | D:11     | Noticed a fire dragon
 11660 | D:11     | Killed a fire dragon
 12298 | Orc:1    | Entered Level 1 of the Orcish Mines
 12298 | Orc:1    | Noticed Josephine
 12298 | Orc:1    | Noticed an orc sorcerer
 12435 | Lair:1   | Entered Level 1 of the Lair of Beasts
 12518 | Lair:1   | Noticed capka3m's ghost (journeyman TrMo)
 12527 | Lair:1   | Reached XP level 12. HP: 95/95 MP: 12/12
 12527 | Lair:1   | Found a runed translucent gate.
 12527 | Lair:1   | Found a runed translucent gate.
 12529 | Lair:1   | Found a runed translucent gate.
 12536 | Lair:1   | Found a frozen archway.
 12614 | IceCv    | Entered an ice cave
 12637 | IceCv    | Received a gift from Trog
 12723 | IceCv    | Reached skill level 1 in Throwing
 12806 | IceCv    | Noticed a quicksilver ooze
 12814 | IceCv    | Killed a quicksilver ooze
 13102 | IceCv    | Identified the +3 ice dragon scales of the Five of
                  | Pentacles {rF- rC++ Str+3}
 13545 | IceCv    | Found a viscous altar of Jiyva.
 13545 | IceCv    | Noticed an azure jelly
 13559 | IceCv    | Killed an azure jelly
 13613 | IceCv    | Noticed an azure jelly
 13634 | IceCv    | Killed an azure jelly
 13815 | IceCv    | Got the +2 spear of the Hugging Badger {freeze, rPois rC+
                  | Int-2}
 14152 | Lair:1   | Noticed a seven-headed hydra
 14157 | Lair:1   | Killed a five-headed hydra
 14690 | Lair:1   | Killed capka3m's ghost
 14748 | Lair:1   | Identified the +1 pair of gloves of Kedonef {rC+ Regen+}
 14787 | Lair:2   | Noticed Fannar
 14856 | Lair:1   | Killed Fannar
 14871 | Lair:2   | Reached XP level 13. HP: 104/104 MP: 13/13
 14872 | Lair:2   | Reached skill level 16 in Polearms
 15031 | Lair:2   | Found a staircase to the Snake Pit.
 15039 | Lair:2   | Identified the +3 robe "Muhuz" {Rampage Str+2 Dex-2
                  | Archmagi}
 15125 | Lair:2   | Noticed Gastronok
 15192 | Lair:2   | Killed Gastronok
 15291 | Lair:2   | Identified the +1 falchion of Revolt {freeze, Contam rElec
                  | rPois rF++}
 15573 | Lair:2   | Found a staircase to the Shoals.
 16038 | Lair:3   | Reached skill level 5 in Dodging
 16151 | Lair:3   | Noticed raistware's ghost (journeyman HuCj)
 16380 | Lair:3   | You fall into a shaft and drop 2 floors!
 16380 | Lair:5   | Entered Level 5 of the Lair of Beasts
 16396 | Lair:5   | Reached skill level 5 in Throwing
 16716 | Lair:5   | Identified the +5 halberd "Ibil" {vorpal, rC+} (Trog gifted
                  | it to you on level 5 of the Lair of Beasts)
 16716 | Lair:5   | Received a gift from Trog
 16790 | Lair:4   | Found the +8 demon trident "Rift" {distort, reach+}
 16801 | Lair:4   | Noticed Nessos
 16808 | Lair:4   | HP: 3/104 [Nessos/arrow (5)]
 16809 | Lair:4   | Succumbed to Nessos's poison

Illustrated notes

Levels and vault maps discovered:
D:1:      onia_arrival_zoo_common, layout_basic,
          shapermc_ecumenical_altar_starsandcircs, palyth_stone_intersect,
          minmay_splitting_lines
D:2:      layout_basic, chequers_arboretum, minmay_mini_jars
D:3:      layout_loops_ring, nicolae_uskayaw_murder_on_the_dancefloor,
          gammafunk_temple_overflow_elements, grunt_dithmenos_smoke,
          serial_shops, nicolae_lakefront_shop, minmay_pentomino_pile
D:4:      layout_loops_ring, fedhas_altar_4, amcnicky_altar_gilded
D:5:      nicolae_cairo_tiling, layout_loops_cross, grunt_qazlal_sundering,
          nicolae_ossuary_entry_monument, kennysheep_doodads
D:6:      minmay_chambers_of_fours, layout_basic, mainiacjoe_overflow_paths
D:7:      layout_basic, okawaru_humans, minmay_temple_entry_sparse_star,
          serial_shops, shop, ebering_ghost_reflecting_pool,
          minmay_stone_trees_small, hangedman_misty_isle
D:8:      layout_loops_ring, mainiacjoe_overflow_cross_hatched,
          mainiacjoe_overflow_tiny_flanked
D:9:      layout_loops_cross, serial_aquarium, aquarium_bridge_long_separate
          [aquarium_subvault_bridge, aquarium_subvault_wall,
          aquarium_subvault_bridge, aquarium_subvault_wall,
          aquarium_subvault_bridge, aquarium_subvault_bridge],
          aquarium_bridge_square [aquarium_subvault_wall,
          aquarium_subvault_wall, aquarium_subvault_wall,
          aquarium_subvault_bridge], aquarium_window_double, aquarium_window_2,
          aquarium_view_2d, aquarium_balcony_double_4, aquarium_pool_corner,
          kennysheep_crisscross, minmay_misc_feat_diagonals, dk_noncrumbling_3,
          uniq_maggie, uniq_harold
D:10:     layout_loops_corners, xom_redecorated, kennysheep_little_box,
          mainiacjoe_overflow_catwalk
D:11:     layout_roguey, david_orc_3, minmay_shop_mayhem, kb_rosetta, uniq_grum,
          uniq_amaemon
Lair:1:   layout_regular_city, gammafunk_ghost_split,
          portal_ice_cave_entry_imps, chequers_serial_rivers_micro_b
Lair:2:   layout_cave_pods, minmay_shoals_entry_centaurs,
          guppyfry_snake_entry_garden, uniq_fannar, uniq_gastronok
Lair:3:   layout_long_grid, hellmonk_ghost_happy_afterlife,
          serial_bayou_shore_b, grunt_megastairs_2
Lair:4:   layout_gridlike, slime_entry_1, uniq_nessos
Lair:5:   hellmonk_lair_end_abyssal_woods, layout_regular_city
Orc:1:    nicolae_orc_accident_3, layout_caves, uniq_urug, uniq_josephine

Skill      XL: |  1  2  3  4  5  6  7  8  9 10 11 12 13 |
---------------+----------------------------------------+-----
Polearms       | 3 4 5 6 7 8 10 12 14 15 16 | 16.8
Armour         | 2 3 6 7 9 |  9.3
Evocations     | 1 2 3 |  3.0
Fighting       | 4 5 7 8 |  8.0
Dodging        | 2 3 4 5 |  5.0
Throwing       | 3 5 |  5.9

Action                   |  1- 3 |  4- 6 |  7- 9 | 10-12 | 13-15 || total
-------------------------+-------+-------+-------+-------+-------++-------
Melee: Spear             |    29 |   145 |       |       |       ||   174
       Tailslap          |     1 |    26 |    41 |    83 |    64 ||   215
       Trident           |       |   104 |   373 |   153 |       ||   630
       Punch             |       |       |     7 |     2 |       ||     9
       Halberd           |       |       |       |   429 |   315 ||   744
       Glaive            |       |       |       |       |    35 ||    35
Throw: Boomerang         |       |       |       |    46 |    75 ||   121
Invok: Berserk           |     1 |     6 |     4 |     6 |       ||    17
       Trog's Hand       |       |       |     1 |     4 |     5 ||    10
 Abil: Rolling Charge    |     1 |     7 |    16 |    21 |     2 ||    47
Evoke: Wand              |       |       |       |     1 |     7 ||     8
       Tin of tremorston |       |       |       |     2 |     1 ||     3
  Use: Scroll            |     2 |     3 |     5 |    14 |     4 ||    28
       Potion            |       |       |       |       |     3 ||     3
Armor: Animal skin       |     7 |       |       |       |       ||     7
       Plate armour      |       |    92 |    73 |    50 |   140 ||   355
       Storm dragon scal |       |       |    46 |    80 |       ||   126
       Ice dragon scales |       |       |       |    35 |       ||    35
       Scale mail        |       |       |       |    13 |       ||    13
Dodge: Dodged            |     7 |    65 |    91 |   159 |    90 ||   412
       Repelled          |       |       |     1 |     8 |     2 ||    11
Block: Other             |       |       |     4 |    74 |    10 ||    88
       Reflection        |       |       |       |     2 |       ||     2

Table legend: (Time is in decaauts)
 A = Elapsed time spent in this place.
 B = Non-inter-level travel time spent in this place.
 C = Inter-level travel time spent in this place.
 D = Time resting spent in this place.
 E = Time spent auto-exploring this place.
 F = Levels seen in this place.
 G = Mean time per level.
                   A        B        C        D        E       F      G
               +--------+--------+--------+--------+--------+-----+--------+
         Total |  16656 |  16008 |    648 |    995 |  11337 |  19 |  876.6 |
       Dungeon |  11959 |  11358 |    601 |    187 |   9189 |  11 | 1087.2 |
          Lair |   2937 |   2891 |     46 |     87 |   1877 |   5 |  587.4 |
  Orcish Mines |      2 |      2 |      0 |      0 |      0 |   1 |    2.0 |
       Ossuary |    423 |    423 |      0 |    167 |     84 |   1 |  423.0 |
      Ice Cave |   1333 |   1333 |      0 |    554 |    187 |   1 | 1333.0 |
               +--------+--------+--------+--------+--------+-----+--------+

Top non-repeatable levels by time:
     D:7: 1361 daAuts
   IceCv: 1333 daAuts
     D:9: 1298 daAuts
    D:10: 1287 daAuts
    D:11: 1215 daAuts
     D:8: 1213 daAuts
  Lair:2: 1166 daAuts
     D:5: 1145 daAuts
  Lair:1: 1065 daAuts
     D:3: 1052 daAuts
     D:6: 939 daAuts
     D:2: 931 daAuts
     D:4: 802 daAuts
     D:1: 710 daAuts
 Ossuary: 423 daAuts
